cohdb
Replays
Latest Replays
All Replays
Popular Replays
Top Player Replays
Match Explorer
How It Works
Community
CoH3 Stats
Reddit
Sign in to upload your games and track your stats! →
Sign in with Steam
Match 42518151
Unlisted
Match 42518151
Overview
Messages
Build Orders
End
Pioneer Squad
Construct Infanterie Kompanie
Selects Terror Battlegroup
Grenadier Squad
Grenadier Squad
Construct Panzergrenadier Kompanie
Selects Heavy Gunnery
251 Medium Carrier
Medical Station
Panzergrenadier Squad
Support Elements
MG 42 Bunker
StuG III G Assault Gun
Selects Defend the Fatherland
Panzergrenadier Officer Quarters
Panzergrenadier Squad
Nebelwerfer 42 Rocket Launcher Team
StuG III G Assault Gun
Side Skirts
Infanterie Officer Quarters
Pak 40 Anti-tank Gun Team
MG 42 Machine Gun Team
Forward Retreat Point
Selects King Tiger Heavy Tank
MG 42 Bunker
King Tiger Heavy Tank
Selects Contempt for the Weak
Selects Propaganda Leaflet Drop
Propaganda Leaflet Drop
Medical Bunker
Pak 40 Anti-tank Gun Team
Selects V1 Rocket Strike
MG 42 Bunker
MeGBill
Z-fuzi
(CB7) (DU)(7-4-7)(B0iz)
TotalRudeboy
Foreskin
lilsliceofporks
0
0
Comments
sign in to comment!
No comments posted yet!